 Dungeon Crawl Stone Soup version 0.24-a0-92-g7d8ec57 (webtiles) character file.

Game seed: 12145502550414227985

969 Ereth the Shield-Bearer (level 8, -5/68 HPs)
             Began as a Hill Orc Fighter on Feb 9, 2019.
             Was a Follower of Okawaru.
             Slain by a centaur skeleton (7 damage)
             ... on level 8 of the Dungeon.
             The game lasted 00:18:46 (6433 turns).

Ereth the Shield-Bearer (Hill Orc Fighter)          Turns: 6433, Time: 00:18:47

Health: -5/68      AC: -10   Str: 21    XL:     8   Next: 16%
Magic:  8/8        EV:  5    Int:  8    God:    Okawaru [*.....]
Gold:   246        SH: 11    Dex: 10    Spells: 7/7 levels left

rFire    . . .     SeeInvis .   a - +0 trident
rCold    . . .     Gourm    .   c - +1 shield
rNeg     . . .     Faith    .   D - +0 plate armour
rPois    .         Spirit   .   (no helmet)
rElec    .         Reflect  .   (no cloak)
rCorr    .         Harm     .   n - +0 pair of gloves
MR       .....                  (no boots)
Stlth    ..........             (no amulet)
HPRegen  0.21/turn              B - ring of stealth
MPRegen  0.11/turn              (no ring)

@: about to teleport, corroded
A: no striking features
a: Heroism, Renounce Religion, Convert to Beogh


You were on level 8 of the Dungeon.
You worshipped Okawaru.
Okawaru was aware of your devotion.
You were not hungry.

You visited 2 branches of the dungeon, and saw 8 of its levels.

You collected 246 gold pieces.

Inventory:

Hand Weapons
 a - a +0 trident (weapon)
 v - a -2 spear
Missiles
 l - 6 tomahawks (quivered)
Armour
 c - a +1 shield (worn)
 n - a +0 pair of gloves (worn)
 D - a +0 plate armour (worn)
Jewellery
 B - a ring of stealth (left hand)
Scrolls
 e - 2 scrolls of teleportation
 m - 3 scrolls of remove curse
 p - a scroll of amnesia
 r - a scroll of immolation
Potions
 d - 2 potions of might
 g - a potion of invisibility
 h - a potion of agility
 i - 3 potions of brilliance
 j - 2 potions of curing
 o - a potion of resistance {unknown}
 w - a potion of magic {unknown}
 x - a potion of haste {unknown}
 z - a potion of mutation {unknown}
 A - a potion of lignification {unknown}
Comestibles
 b - 7 chunks of flesh
 f - 4 rations


   Skills:
 + Level 5.1 Fighting
 + Level 5.5 Polearms
 + Level 1.1 Throwing
 + Level 5.8 Armour
 + Level 1.7 Dodging
 + Level 0.3 Stealth
 + Level 6.1 Shields


You had 7 spell levels left.
You didn't know any spells.
Your spell library contained the following spells:

 Spells                   Type           Power        Failure   Level  Hunger
 Confusing Touch          Hex            #.....       100%        1    ##.....
 Confuse                  Hex            #.......     100%        3    ####...
 Gell's Gravitas          Tloc           #.........   100%        3    ####...
 Petrify                  Tmut/Erth      #.......     100%        4    #####..
 Metabolic Englaciation   Hex/Ice        #.........   100%        5    ######.
 Yara's Violent Unravell  Hex/Tmut       #.........   100%        5    ######.


Dungeon Overview and Level Annotations

Branches:
Dungeon (6/15)             Temple (1/1) D:5

Altars:
Ashenzari
Cheibriados
Dithmenos
Elyvilon
Fedhas
Gozag
Hepliaklqana
Kikubaaqudgha
Makhleb
Nemelex Xobeh
Okawaru
Qazlal
Ru
Sif Muna
Trog
Uskayaw
Vehumet
Wu Jian
Xom
Yredelemnul
Zin
The Shining One

Annotations:
D:6 3 runed translucent doors, Duffy's ghost, novice NaFi


Message History

An orc comes into view. It is wielding a +0 mace.
You see here a halberd.
You block the centaur skeleton's attack.
The ogre hits you with a +0 giant club!!
* * * LOW HITPOINT WARNING * * *
The centaur skeleton hits you.
* * * LOW HITPOINT WARNING * * *
You block the centaur skeleton's attack.
An orc comes into view. It is wielding a +2 dagger of venom.
An orc comes into view. It is wielding a +0 falchion.
The orc hits you with a +0 mace!
* * * LOW HITPOINT WARNING * * *
The orc shouts!
An orc priest comes into view. It is wielding a +0 mace.
The centaur skeleton hits you!
* * * LOW HITPOINT WARNING * * *
The orc priest shouts!
As you read the scroll of teleportation, it crumbles to dust.
You feel strangely unstable. The centaur skeleton hits you!
You die...

#........#
#........#
#........#
#########........#
#.........).>....#
#................#
#.(.....?........#
#..Z.............#
#.@oO............#
#.....o...####.###
#.......o#####.#
.......o....$# #
...###..##.##.#.#
.### #.###..#...#
.# #.# ##..# #. ..
##.# #. #.##


You could see an ogre, an orc priest, 3 orcs and a centaur skeleton.

Vanquished Creatures
  An orc warrior (D:4)
  2 phantoms (D:5)
  A bullfrog (D:6)
  A scorpion (D:6)
  A howler monkey (D:8)
  A jelly (D:8)
  2 orc priests (D:5)
  5 orc wizards
  An iguana (D:5)
  A worker ant (D:5)
  A hound zombie (D:5)
  A hound skeleton (D:4)
  3 gnolls
  9 adders
  2 oozes
  2 worms (D:1)
  2 dart slugs
  6 leopard geckos
  16 orcs
  6 bats
  4 giant cockroaches
  12 goblins
  3 hobgoblins
  3 jackals
  9 kobolds
  A quokka (D:4)
  A ball python (D:3)
  A ball python skeleton (D:5)
  6 frilled lizards
  A quokka skeleton (D:4)
  7 rats
112 creatures vanquished.

Vanquished Creatures (others)
  2 fungi (D:6)
  2 plants (D:6)
4 creatures vanquished.

Grand Total: 116 creatures vanquished

Notes
Turn   | Place    | Note
-------+----------+-------------------------------------------
     0 | D:1      | Ereth the Hill Orc Fighter began the quest for the Orb.
     0 | D:1      | Reached XP level 1. HP: 19/19 MP: 1/1
   161 | D:1      | Reached XP level 2. HP: 26/26 MP: 2/2
   480 | D:1      | Reached XP level 3. HP: 33/33 MP: 3/3
  1288 | D:2      | Found an opulent altar of Gozag.
  1369 | D:2      | Reached skill level 4 in Shields
  1382 | D:2      | Reached XP level 4. HP: 28/40 MP: 4/4
  2442 | D:3      | Reached XP level 5. HP: 46/46 MP: 5/5
  3686 | D:5      | Entered Level 5 of the Dungeon
  3800 | D:4      | Reached skill level 1 in Dodging
  3800 | D:4      | Reached XP level 6. HP: 30/53 MP: 6/6
  3998 | D:5      | Found a staircase to the Ecumenical Temple.
  4013 | D:5      | Reached skill level 5 in Shields
  4044 | Temple   | Entered the Ecumenical Temple
  4310 | Temple   | Became a worshipper of Warmaster Okawaru
  4511 | D:5      | Reached skill level 5 in Armour
  4780 | D:5      | Noticed a phantom
  4859 | D:5      | Killed a phantom
  4859 | D:5      | Reached XP level 7. HP: 57/60 MP: 7/7
  5651 | D:5      | Reached skill level 5 in Polearms
  6081 | D:6      | Reached skill level 1 in Throwing
  6107 | D:6      | Reached * piety under Okawaru
  6107 | D:6      | Reached skill level 5 in Fighting
  6107 | D:6      | Reached XP level 8. HP: 51/68 MP: 8/8
  6219 | D:6      | Found a runed translucent gate.
  6219 | D:6      | Found a runed translucent gate.
  6220 | D:6      | Noticed a kobold demonologist
  6220 | D:6      | Found a runed translucent gate.
  6220 | D:6      | Noticed Duffy's ghost (novice NaFi)
  6220 | D:6      | Identified the cursed +2 whip "Mioqikie" {pain, rF+}
  6366 | D:6      | You fall through a shaft for 2 floors!
  6411 | D:8      | Reached skill level 6 in Shields
  6430 | D:8      | HP: 1/68 [centaur skeleton (7)]
  6433 | D:8      | Slain by a centaur skeleton

Levels and vault maps discovered:
D:1:      lemuel_arrival_funnel, layout_loops_ring
D:2:      layout_basic, old_standard_altar, minmay_pentomino_x2
D:3:      layout_loops_ring, st_stairs_6
D:4:      layout_gridville
D:5:      layout_cave_pools, minmay_temple_entry_large_hall, first_ration,
          chequers_serial_rivers_room_b
D:6:      layout_loops_ring, gammafunk_ghost_nasty_kobolds, tgw_sif
D:8:      layout_rooms
Temple:   roderic_octagonal_lattice_temple

Skill      XL: |  1  2  3  4  5  6  7  8 |
---------------+-------------------------+-----
Fighting       | 4 5 |  5.1
Shields        | 4 5 6 |  6.1
Polearms       | 3 4 5 |  5.5
Armour         | 4 5 |  5.8
Dodging        | 1 |  1.7
Throwing       | 1 |  1.1
Stealth        | |  0.3

Action                   |  1- 3 |  4- 6 |  7- 9 || total
-------------------------+-------+-------+-------++-------
Melee: Trident           |   129 |   322 |   174 ||   625
Throw: Tomahawk          |    13 |    12 |     7 ||    32
  Use: Scroll            |       |     6 |    10 ||    16
       Potion            |       |       |     2 ||     2
  Eat: Ration            |     1 |     1 |     1 ||     3
       Chunk             |       |     9 |     1 ||    10
Armor: Scale mail        |    70 |    47 |       ||   117
       Chain mail        |       |    75 |     7 ||    82
       Plate armour      |       |       |    89 ||    89
Dodge: Dodged            |    42 |    64 |    37 ||   143
Block: Shield            |    81 |   178 |   121 ||   380

Table legend:
 A = Non-vault XP
 B = Vault XP
 C = Vault XP percentage of total XP
 D = Non-vault monster count
 E = Vault monster count
 F = Vault count percentage of total count
                 A         B        C        D         E       F
            +---------+---------+-------+---------+---------+-------
      Total |    1371 |      14 |   1.0 |     110 |       2 |   1.8
            +---------+---------+-------+---------+---------+-------
        D:1 |      48 |       0 |   0.0 |      20 |       0 |   0.0
        D:2 |      75 |       1 |   1.3 |      27 |       1 |   3.6
        D:3 |      99 |      13 |  11.6 |      19 |       1 |   5.0
        D:4 |     242 |       0 |   0.0 |      11 |       0 |   0.0
        D:5 |     635 |       0 |   0.0 |      26 |       0 |   0.0
        D:6 |     175 |       0 |   0.0 |       4 |       0 |   0.0
        D:8 |      97 |       0 |   0.0 |       3 |       0 |   0.0
            +---------+---------+-------+---------+---------+-------
